 Dungeon Crawl Stone Soup version 0.30.1-3-gfc49f6343a (webtiles) character file.

Game seed: 9665796565685139946

9398 cjg1290 the Protected (level 11, -5/97 HPs)
             Began as a Minotaur Berserker on July 22, 2023.
             Was an Elder of Trog.
             Slain by an orc warrior
             ... wielding a +0 mace
             ... led by an orc warlord
              (12 damage)
             ... on level 1 of the Orcish Mines on July 23, 2023.
             The game lasted 00:34:29 (7185 turns).

cjg1290 the Protected (Minotaur Berserker)          Turns: 7185, Time: 00:34:29

Health: -5/97      AC: 18    Str: 24    XL:     11   Next: 22%
Magic:  10/10      EV:  9    Int:  4    God:    Trog [****..]
Gold:   400        SH: 11    Dex: 18    Spells: 10/10 levels left

rFire   . . .        o - +3 short sword (speed)
rCold   . . .        A - +0 kite shield
rNeg    . . .        p - +0 plate armour
rPois   .            (helmet restricted)
rElec   .            g - +0 cloak
rCorr   .            H - +1 pair of gloves
SInv    .            (no boots)
Will    ++...        (no amulet) Stlth
                     e - +6 ring of dexterity
HPRegen 1.36/turn    k - +4 ring of slaying
MPRegen 0.12/turn

%: no passive effects
@: strong-willed, on berserk cooldown, regenerating, slowed, very slow
A: horns 2, retaliatory headbutt
a: Renounce Religion, Berserk, Trog's Hand, Brothers in Arms


You were on level 1 of the Orcish Mines.
You worshipped Trog.
Trog was greatly pleased with you.
You visited 2 branches of the dungeon, and saw 10 of its levels.
You also visited: Ossuary.

You collected 520 gold pieces.
You spent 120 gold pieces at shops.

Inventory:

Hand Weapons
 a - a +3 flail of freezing
 o - a +3 short sword of speed (weapon)
Missiles
 c - 24 poisoned darts (quivered)
Armour
 g - a +0 cloak (worn)
 m - +0 acid dragon scales
 p - a +0 plate armour (worn)
 A - a +0 kite shield (worn)
 H - a +1 pair of gloves (worn)
Jewellery
 e - a +6 ring of dexterity (left hand)
 k - a +4 ring of slaying (right hand)
 D - a ring of fire
Wands
 y - a wand of iceblast (7)
 B - a wand of charming (13)
 E - a wand of quicksilver (9)
 I - a wand of mindburst (27)
Scrolls
 b - 3 scrolls of enchant weapon
 d - a scroll of brand weapon {unknown}
 h - a scroll of enchant armour {unknown}
 j - 3 scrolls of noise {unknown}
 l - 5 scrolls of teleportation {unknown}
 n - a scroll of vulnerability {unknown}
 r - 2 scrolls of fear {unknown}
 s - 2 scrolls of fog {unknown}
 F - 3 scrolls of blinking {unknown}
Potions
 i - 3 potions of curing
 q - a potion of ambrosia {unknown}
 t - a potion of lignification {unknown}
 u - 2 potions of berserk rage {unknown}
 v - 3 potions of invisibility {unknown}
 w - 4 potions of cancellation
 x - 2 potions of attraction {unknown}
 z - 2 potions of degeneration {unknown}
 C - 3 potions of flight {unknown}
 G - a potion of might {unknown}
 J - a potion of resistance {unknown}


   Skills:
 + Level 9.0 Fighting
 + Level 7.3(8.4) Short Blades
 + Level 6.8(8.6) Long Blades
 + Level 9.5 Maces & Flails
 + Level 9.6 Armour
 + Level 5.7 Dodging
 + Level 3.2 Stealth
 + Level 6.6 Shields


You had 10 spell levels left.
You didn't know any spells.
Your spell library contained the following spells:

 Spells                   Type           Power      Damage    Failure   Level
 Momentum Strike          Conj/Tloc      0%         3d8       100%        2
 Sublimation of Blood     Necr           0%         N/A       100%        2
 Stone Arrow              Conj/Erth      0%         3d7       100%        3
 Iskenderun's Battlesphe  Conj           0%         2d6       100%        5


Dungeon Overview and Level Annotations

Branches:
Dungeon (9/15)             Temple (0/1) D:5             Orc (1/2) D:9
Ossuary (visited)
   Lair: D:8-11

Altars:
Cheibriados
Fedhas
Ru
Trog
Uskayaw
Wu Jian

Shops:
D:1 [   D:8 !

Annotations:
D:9 1 transporter


Innate Abilities, Weirdness & Mutations

You have a pair of horns on your head.
You reflexively headbutt those who attack you in melee.


Message History

You hit the orc warlord.
You headbutt the orc warlord, but do no damage.
The orc warlord is lightly wounded.
You block the orc warlord's attack.
The orc warrior hits you with a +0 mace!
* * * LOW HITPOINT WARNING * * *
The orc hits you but does no damage. You block the orc priest's attack.
Okay, then.
Unknown command.
Aiming: Charm
Press: ? - help, Shift-Dir - straight line, f - orc warlord
Aim: an orc warlord, wielding a +3 long sword and wearing a +3 plate armour of cold resistance (lightly wounded, chance to affect: 17%)
Okay, then.
Hit: o) +3 short sword (speed)
Press: ? - help, Dir - move target, f - orc priest
Aim: an orc priest, wielding a +0 dagger and wearing a +0 ring mail (strong, about 23% to evade your +3 short sword of speed)
Okay, then.
You feel much better.
The orc warlord hits you with a +3 long sword!!
* * * LOW HITPOINT WARNING * * *
The orc priest closely misses you.
The orc priest invokes the aid of Beogh against you.
Beogh smites you!
* * * LOW HITPOINT WARNING * * *
You block the orc's attack.
The orc hits you with a +0 hand axe of freezing.
* * * LOW HITPOINT WARNING * * *
The orc freezes you.
* * * LOW HITPOINT WARNING * * *
You block the orc warlord's attack.
The orc hits you with a +0 hand axe of freezing.
* * * LOW HITPOINT WARNING * * *
The orc freezes you.
* * * LOW HITPOINT WARNING * * *
The orc priest closely misses you. You furiously retaliate!
You headbutt the orc priest!
You kill the orc priest!
Trog accepts your kill.
The orc warrior hits you with a +0 mace!
You die...

..........#.## ........#
.._......#...###........
....)...#...###.........
.........#.###..........
...........#....).......
....†.............#.#
...###.............#
..###..........oo.## .
..####.........T@## ..
.#.##..........o## ## ...
..............ooo###.#....
.<................#..o....
............>....)oo......
...........>###..)oo......
..........>##..#))).....#.
#........## #.............
......#.. ##.........##.


You could see an orc warlord, a troll, 2 orc warriors, an orc priest (strong)
and an orc (strong).

Vanquished Creatures
  Pikel (D:7)
  An orc sorcerer (Orc:1)
  2 trolls (Orc:1)
  Grinder (D:5)
  A hornet (D:8)
  18 yaks
  A water moccasin (D:7)
  Menkaure (D:6)
  2 acid dragons
  Duvessa (D:5)
  2 black bears
  4 orc warriors (Orc:1)
  2 ice beasts
  4 ogres
  A sky beast (D:7)
  2 centaurs (D:5)
  2 phantoms (D:7)
  A lemure (D:7)
  Blork the orc (D:5)
  A gnoll sergeant (D:8)
  9 scorpions
  2 bullfrogs (D:8)
  13 wights
  Dowan (D:5)
  9 killer bees
  3 howler monkeys
  2 electric eels (D:9)
  2 hounds
  2 human zombies (Ossuary)
  7 orc priests
  Terence (D:3)
  5 iguanas
  A sleepcap (D:7)
  5 orc wizards
  6 scorpion zombies (Ossuary)
  3 mummies (Ossuary)
  4 gnolls (D:8)
  7 adders
  2 shadow imps (D:7)
  3 white imps
  A worm (D:4)
  3 dart slugs
  35 orcs
  7 endoplasms
  5 giant cockroaches
  9 goblins
  6 hobgoblins
  11 jackals
  4 kobolds
  A quokka (D:4)
  11 ball pythons
  4 bats
  4 frilled lizards
  A goblin zombie (Ossuary)
  A hobgoblin zombie (Ossuary)
  2 kobold zombies (Ossuary)
  3 orc zombies (Ossuary)
  3 rats
247 creatures vanquished.

Notes
Turn   | Place    | Note
-------+----------+-------------------------------------------
     0 | D:1      | cjg1290 the Minotaur Berserker began the quest for the Orb.
     0 | D:1      | Reached XP level 1. HP: 19/19 MP: 0/0
   105 | D:1      | Found Tuepne's Armour Boutique.
   128 | D:1      | Reached XP level 2. HP: 26/27 MP: 1/1
   215 | D:1      | Found a faded altar of an unknown god.
   599 | D:2      | Reached XP level 3. HP: 23/33 MP: 2/2
   756 | D:2      | Got Mafih's Vademecum on Bolts and the Autopsy
   769 | D:2      | Reached ** piety under Trog
  1225 | D:3      | Reached XP level 4. HP: 41/41 MP: 3/3
  1274 | D:3      | Reached skill level 5 in Long Blades
  1319 | D:3      | Noticed Terence
  1327 | D:3      | Killed Terence
  1817 | D:4      | Found a sand-covered staircase.
  1825 | Ossuary  | Entered an ossuary
  1866 | Ossuary  | Noticed a scorpion
  1871 | Ossuary  | Killed a scorpion
  1872 | Ossuary  | Reached skill level 1 in Stealth
  1872 | Ossuary  | Reached XP level 5. HP: 47/47 MP: 4/4
  1892 | Ossuary  | Reached skill level 5 in Fighting
  1892 | Ossuary  | Reached XP level 6. HP: 56/56 MP: 5/5
  1979 | Ossuary  | Reached *** piety under Trog
  1989 | Ossuary  | Reached skill level 1 in Short Blades
  2070 | Ossuary  | Reached XP level 7. HP: 61/61 MP: 6/6
  2385 | D:4      | Identified the +11 dagger "Wiggyaq" {drain, rC- Int+3
                  | Dex+3}
  2579 | D:4      | Reached XP level 8. HP: 62/70 MP: 7/7
  3018 | D:5      | Entered Level 5 of the Dungeon
  3020 | D:5      | Reached skill level 1 in Shields
  3027 | D:5      | Reached **** piety under Trog
  3084 | D:5      | Noticed Dowan
  3085 | D:5      | Noticed Duvessa
  3094 | D:5      | Reached skill level 5 in Armour
  3095 | D:5      | Killed Dowan
  3100 | D:5      | Killed Duvessa
  3101 | D:5      | Reached skill level 5 in Short Blades
  3178 | D:5      | Noticed Grinder
  3189 | D:5      | Paralysed by Grinder for 4 turns
  3196 | D:5      | Killed Grinder
  3197 | D:5      | Reached skill level 5 in Dodging
  3320 | D:5      | Found a staircase to the Ecumenical Temple.
  3343 | D:5      | Reached XP level 9. HP: 47/78 MP: 8/8
  3724 | D:5      | Noticed Blork the orc
  3730 | D:5      | Killed Blork the orc
  4003 | D:5      | Found a faded altar of an unknown god.
  4003 | D:5      | Found the Hermit's Pendant {Faith Invo=14 Evo=0 MP+5}
  4406 | D:6      | Noticed Menkaure
  4433 | D:6      | Killed Menkaure
  4434 | D:6      | Reached skill level 1 in Maces & Flails
  5121 | D:7      | Found a blossoming altar of Fedhas.
  5307 | D:7      | Found a hide-covered altar of Uskayaw.
  5307 | D:7      | Found a snail-covered altar of Cheibriados.
  5308 | D:7      | Found a bloodstained altar of Trog.
  5312 | D:7      | Found a sacrificial altar of Ru.
  5466 | D:7      | Noticed Pikel
  5475 | D:7      | Killed Pikel
  5648 | D:7      | Reached XP level 10. HP: 88/88 MP: 9/9
  5766 | D:7      | Reached skill level 5 in Maces & Flails
  5827 | D:7      | Reached skill level 5 in Shields
  6337 | D:8      | Found an ornate altar of the Wu Jian Council.
  6462 | D:8      | Found Beicei's Distillery.
  6470 | D:8      | Bought a potion of heal wounds for 60 gold pieces
  6470 | D:8      | Bought a potion of heal wounds for 60 gold pieces
  6656 | D:9      | Found a transporter.
  6911 | D:9      | Reached XP level 11. HP: 25/87 MP: 10/10
  7015 | D:9      | Found a staircase to the Orcish Mines.
  7024 | Orc:1    | Entered Level 1 of the Orcish Mines
  7134 | Orc:1    | Noticed an orc warlord
  7136 | Orc:1    | Noticed an orc sorcerer
  7162 | Orc:1    | Killed an orc sorcerer
  7185 | Orc:1    | Slain by an orc warrior

Illustrated notes

Levels and vault maps discovered:
D:1:      saegor_arrival_simple_a, layout_basic, serial_shops, shop,
          shapermc_ecumenical_altar_venn
D:2:      layout_basic, hex_medium, minmay_tetromino_o4
D:3:      layout_loops_cross, serial_glass, glass_columns_a, glass_columns_a,
          uniq_terence
D:4:      layout_loops_ring, nicolae_ossuary_entry_plus, grunt_ministairs_2
D:5:      layout_basic, minmay_temple_entry_large_hall,
          hellmonk_guarded_unrand_hermit, uniq_blork_the_orc, uniq_duvessa,
          uniq_grinder
D:6:      layout_cave_pods, uniq_menkaure
D:7:      layout_layer_cave, minitemple, fedhas_altar_1, enter_bailey_3,
          uniq_pikel
D:8:      layout_cave_pools, nicolae_wu_jian_wuxing_cycle, serial_shops,
          nicolae_shop_statue_plus, lightli_orcish_oven
D:9:      gammafunk_jiyva_shrine, layout_loops_ring,
          pdpol_temple_overflow_zin_treasury_gozag_greed, orc_0_dummy,
          chequers_mini_garden, fungi_pond_lemuel
Orc:1:    layout_diamond_mine, basic_altar, uniq_snorg

Skill      XL: |  1  2  3  4  5  6  7  8  9 10 11 |
---------------+----------------------------------+-----
Long Blades    | 4 5 6 |  6.8
Fighting       | 4 5 6 7 8 9 |  9.0
Armour         | 3 4 5 7 8 9 |  9.6
Dodging        | 3 4 5 |  5.7
Stealth        | 1 2 3 |  3.2
Short Blades   | 1 3 6 7 |  7.3
Shields        | 2 4 6 |  6.6
Maces & Flails | 4 9 |  9.5

Action                     |  1- 3 |  4- 6 |  7- 9 | 10-12 || total
---------------------------+-------+-------+-------+-------++-------
  Melee: Falchion          |    67 |    25 |       |       ||    92
         Headbutt          |     8 |    25 |    55 |    40 ||   128
         Short sword       |       |    65 |   170 |    77 ||   312
         Punch             |       |     3 |     2 |       ||     5
         Flail             |       |       |    78 |   119 ||   197
 Invoke: Berserk           |       |     1 |     3 |     3 ||     7
         Trog's Hand       |       |       |     2 |     2 ||     4
         Brothers in Arms  |       |       |       |     1 ||     1
    Use: Scroll            |       |       |     6 |       ||     6
         Potion            |       |       |       |    11 ||    11
   Stab: Sleeping          |     1 |       |     2 |       ||     3
 Armour: Animal skin       |     5 |       |       |       ||     5
         Ring mail         |     1 |    26 |    27 |       ||    54
         Leather armour    |     1 |       |       |       ||     1
         Chain mail        |       |       |    11 |       ||    11
         Plate armour      |       |       |    47 |   117 ||   164
  Dodge: Dodged            |    53 |    47 |    87 |   111 ||   298
  Block: Kite shield       |       |       |    61 |   124 ||   185
